TOP OF THE 1ST |
Lansing Lugnuts batting - Pitching for Delmarva Shorebirds : LHP Luis Perez
|
Pitching: LHP Luis Perez
|
|
Batting: RHB Tokuji Kawabata
|
0-0: Called Strike 0-1: Foul Ball, location: 2F 0-2: Ground out 4-3 (Groundball, 4, EV 80.0 MPH)
|
Batting: RHB Ben Zeiler
|
0-0: Foul Ball, location: 2F 0-1: SOLO HOME RUN (Flyball, 7LD, EV 95.0 MPH), Distance : 343 ft
|
Batting: RHB John Michener
|
0-0: Ground out 3-1 (Groundball, 3D, EV 103.8 MPH)
|
Batting: RHB Raul de la Cruz
|
0-0: Foul Ball, location: 2F 0-1: Called Strike 0-2: Ball 1-2: Strikes out looking
|
Top of the 1st over - 1 run, 1 hit, 0 errors, 0 left on base; Lansing 1 - Delmarva 0 |
BOTTOM OF THE 1ST |
Delmarva Shorebirds batting - Pitching for Lansing Lugnuts : LHP Jon Valdovinos
|
Pitching: LHP Jon Valdovinos
|
|
Batting: LHB Shane Free
|
0-0: Ball 1-0: Foul Ball, location: 2F 1-1: Foul Ball, location: 2F 1-2: Strikes out swinging
|
Batting: RHB Ben Sutton
|
0-0: Ball 1-0: Called Strike 1-1: Ball 2-1: Called Strike 2-2: Fly out, F8 (Flyball, 8RD, EV 90.6 MPH)
|
Batting: LHB Tomas de Zeeuw
|
0-0: Called Strike 0-1: Ground out 4-3 (Groundball, 4, EV 84.4 MPH)
|
Bottom of the 1st over - 0 runs, 0 hits, 0 errors, 0 left on base; Lansing 1 - Delmarva 0 |
TOP OF THE 2ND |
Lansing Lugnuts batting - Pitching for Delmarva Shorebirds : LHP Luis Perez
|
Batting: RHB Dylan Phillips
|
0-0: Foul Ball, location: 2F 0-1: Ball 1-1: Ground out 6-3 (Groundball, 56, EV 83.1 MPH)
|
Batting: LHB Pauli Gassinger
|
0-0: Called Strike 0-1: Ball 1-1: Ball 2-1: Swinging Strike 2-2: Foul Ball, location: 2F 2-2: Foul Ball, location: 2F 2-2: Fly out, F5 (Line Drive, 5L, EV 68.8 MPH)
|
Batting: LHB Timo Gomez
|
0-0: Called Strike 0-1: Ball 1-1: Ground out 6-3 (Groundball, 6, EV 84.4 MPH)
|
Top of the 2nd over - 0 runs, 0 hits, 0 errors, 0 left on base; Lansing 1 - Delmarva 0 |
BOTTOM OF THE 2ND |
Delmarva Shorebirds batting - Pitching for Lansing Lugnuts : LHP Jon Valdovinos
|
Batting: SHB Jorge Brito
|
0-0: Called Strike 0-1: Called Strike 0-2: Ball 1-2: Foul Ball, location: 2F 1-2: Strikes out looking
|
Batting: RHB Jeremy Sipe
|
0-0: Ball 1-0: Called Strike 1-1: Ball 2-1: Ball 3-1: Base on Balls
|
Batting: RHB Dave Perron
|
0-0: Grounds into double play, 6-4-3 (Groundball, 6, EV 109.4 MPH)
|
Bottom of the 2nd over - 0 runs, 0 hits, 0 errors, 0 left on base; Lansing 1 - Delmarva 0 |
TOP OF THE 3RD |
Lansing Lugnuts batting - Pitching for Delmarva Shorebirds : LHP Luis Perez
|
Batting: LHB Roger Escareno
|
0-0: Foul Ball, location: 2F 0-1: Fly out, F3 (Line Drive, 34, EV 63.1 MPH)
|
Batting: RHB Luis Reyes
|
0-0: Called Strike 0-1: Called Strike 0-2: Foul Ball, location: 2F 0-2: Ball 1-2: SINGLE (Groundball, 56S, EV 66.2 MPH) (infield hit)
|
Batting: RHB Tokuji Kawabata
|
0-0: Ball Luis Reyes steals 2nd base 1-0: Ball 2-0: Ball Luis Reyes steals 3rd base 3-0: Base on Balls
|
Batting: RHB Ben Zeiler
|
0-0: Ball 1-0: Ball 2-0: Ball 3-0: Base on Balls Tokuji Kawabata to second
|
Batting: RHB John Michener
|
0-0: Swinging Strike 0-1: DOUBLE (Flyball, 89XD, EV 115.0 MPH) Luis Reyes scores Tokuji Kawabata scores Ben Zeiler to third
|
Batting: RHB Raul de la Cruz
|
0-0: SINGLE (Groundball, 6M, EV 107.5 MPH) (infield hit) Ben Zeiler scores John Michener to third
|
Batting: RHB Dylan Phillips
|
0-0: Ball Raul de la Cruz steals 2nd base (no throw) 1-0: Ball 2-0: Foul Ball, location: 2F 2-1: Ball 3-1: Base on Balls
|
Batting: LHB Pauli Gassinger
|
Balk! John Michener scores Raul de la Cruz to third Dylan Phillips to second
|
Pitching: RHP Ryan Kotter
|
0-0: Called Strike 0-1: Ball 1-1: Ground out 2-3 (Groundball, 2R, EV 70.0 MPH)
|
Batting: LHB Timo Gomez
|
0-0: Ball 1-0: Called Strike 1-1: Foul Ball, location: 2F 1-2: Ball 2-2: Foul Ball, location: 2F 2-2: Strikes out swinging
|
Top of the 3rd over - 4 runs, 3 hits, 0 errors, 2 left on base; Lansing 5 - Delmarva 0 |
BOTTOM OF THE 3RD |
Delmarva Shorebirds batting - Pitching for Lansing Lugnuts : LHP Jon Valdovinos
|
Batting: LHB Eric Jackson
|
0-0: Called Strike 0-1: Called Strike 0-2: Foul Ball, location: 2F 0-2: DOUBLE (Line Drive, 5D, EV 94.4 MPH)
|
Batting: SHB Jared Boyce
|
0-0: Ball 1-0: Called Strike 1-1: Swinging Strike 1-2: Ball 2-2: Strikes out swinging
|
Batting: RHB Lee Deason
|
0-0: Ball Wild Pitch! Eric Jackson to third 1-0: Ball 2-0: Called Strike 2-1: Called Strike Steal of home, Eric Jackson is safe 2-2: Ground out 6-3 (Groundball, 6, EV 88.8 MPH)
|
Batting: LHB Shane Free
|
0-0: Ball 1-0: Ground out 5-3 (Groundball, 56S, EV 76.2 MPH)
|
Bottom of the 3rd over - 1 run, 1 hit, 0 errors, 0 left on base; Lansing 5 - Delmarva 1 |
TOP OF THE 4TH |
Lansing Lugnuts batting - Pitching for Delmarva Shorebirds : RHP Ryan Kotter
|
Batting: LHB Roger Escareno
|
0-0: SINGLE (Groundball, 6D, EV 105.6 MPH)
|
Batting: RHB Luis Reyes
|
0-0: Called Strike 0-1: Ball Wild Pitch! Roger Escareno to second 1-1: Called Strike 1-2: Ball 2-2: Strikes out swinging
|
Batting: RHB Tokuji Kawabata
|
0-0: Ball 1-0: Called Strike 1-1: Ball 2-1: Called Strike 2-2: Strikes out swinging
|
Batting: RHB Ben Zeiler
|
0-0: Ball 1-0: Ball 2-0: SINGLE (Groundball, 34D, EV 111.9 MPH) Roger Escareno to third Runner from 3rd tries for Home, SAFE, throw by RF to home
|
Batting: RHB John Michener
|
0-0: Foul Ball, location: 2F 0-1: Ball 1-1: Ball Ben Zeiler is caught stealing 2nd base 2-4
|
Top of the 4th over - 1 run, 2 hits, 0 errors, 0 left on base; Lansing 6 - Delmarva 1 |
BOTTOM OF THE 4TH |
Delmarva Shorebirds batting - Pitching for Lansing Lugnuts : LHP Jon Valdovinos
|
Batting: RHB Ben Sutton
|
0-0: Ball 1-0: Foul Ball, location: 2F 1-1: Swinging Strike 1-2: Ball 2-2: Foul Ball, location: 2F 2-2: Strikes out swinging
|
Batting: LHB Tomas de Zeeuw
|
0-0: Foul Ball, location: 2F 0-1: Fly out, F7 (Flyball, 78M, EV 93.1 MPH)
|
Batting: SHB Jorge Brito
|
0-0: Ball 1-0: Ground out 4-3 (Groundball, 34, EV 89.4 MPH)
|
Bottom of the 4th over - 0 runs, 0 hits, 0 errors, 0 left on base; Lansing 6 - Delmarva 1 |
TOP OF THE 5TH |
Lansing Lugnuts batting - Pitching for Delmarva Shorebirds : RHP Ryan Kotter
|
Batting: RHB John Michener
|
0-0: Foul Ball, location: 2F 0-1: Fly out, F5 (Popup, 56, EV 65.6 MPH)
|
Batting: RHB Raul de la Cruz
|
0-0: Swinging Strike 0-1: Ball 1-1: Foul Ball, location: 2F 1-2: Ball 2-2: Strikes out swinging
|
Batting: RHB Dylan Phillips
|
0-0: Called Strike 0-1: Swinging Strike 0-2: Ball 1-2: Ball 2-2: Strikes out looking
|
Top of the 5th over - 0 runs, 0 hits, 0 errors, 0 left on base; Lansing 6 - Delmarva 1 |
BOTTOM OF THE 5TH |
Delmarva Shorebirds batting - Pitching for Lansing Lugnuts : LHP Jon Valdovinos
|
Batting: RHB Jeremy Sipe
|
0-0: Fly out, F8 (Flyball, 89D, EV 99.4 MPH)
|
Batting: RHB Dave Perron
|
0-0: Called Strike 0-1: Fly out, F8 (Flyball, 8RM, EV 90.0 MPH)
|
Batting: LHB Eric Jackson
|
0-0: Foul Ball, location: 2F 0-1: Ball 1-1: Swinging Strike 1-2: Strikes out swinging
|
Bottom of the 5th over - 0 runs, 0 hits, 0 errors, 0 left on base; Lansing 6 - Delmarva 1 |
TOP OF THE 6TH |
Lansing Lugnuts batting - Pitching for Delmarva Shorebirds : RHP Ryan Kotter
|
Batting: LHB Pauli Gassinger
|
0-0: Called Strike 0-1: Called Strike 0-2: Foul Ball, location: 2F 0-2: Strikes out swinging
|
Batting: LHB Timo Gomez
|
0-0: Foul Ball, location: 2F 0-1: Ball 1-1: Foul Ball, location: 2F 1-2: Foul Ball, location: 2F 1-2: Foul Ball, location: 2F 1-2: Ball 2-2: SINGLE (Groundball, 4D, EV 103.8 MPH)
|
Pitching: LHP Justin Hinton
|
|
Batting: LHB Roger Escareno
|
0-0: Ball 1-0: Grounds into double play, 4-6-3 (Groundball, 34, EV 103.8 MPH)
|
Top of the 6th over - 0 runs, 1 hit, 0 errors, 0 left on base; Lansing 6 - Delmarva 1 |
BOTTOM OF THE 6TH |
Delmarva Shorebirds batting - Pitching for Lansing Lugnuts : LHP Jon Valdovinos
|
Batting: SHB Jared Boyce
|
0-0: Fly out, F8 (Line Drive, 8LD, EV 89.4 MPH)
|
Batting: RHB Lee Deason
|
0-0: Ball 1-0: Foul Ball, location: 2F 1-1: Ball 2-1: Foul Ball, location: 2F 2-2: Ball 3-2: Base on Balls
|
Batting: LHB Shane Free
|
0-0: Ball 1-0: Grounds into double play, 6-4-3 (Groundball, 6, EV 101.9 MPH)
|
Bottom of the 6th over - 0 runs, 0 hits, 0 errors, 0 left on base; Lansing 6 - Delmarva 1 |
TOP OF THE 7TH |
Lansing Lugnuts batting - Pitching for Delmarva Shorebirds : LHP Justin Hinton
|
Batting: RHB Luis Reyes
|
0-0: Called Strike 0-1: Ball 1-1: Ball 2-1: Fly out, F8 (Line Drive, 8RS, EV 91.9 MPH)
|
Batting: RHB Tokuji Kawabata
|
0-0: Called Strike 0-1: Ball 1-1: Swinging Strike 1-2: Foul Ball, location: 2F 1-2: Ball 2-2: Foul Ball, location: 2F 2-2: Foul Ball, location: 2F 2-2: Foul Ball, location: 2F 2-2: Strikes out swinging
|
Batting: RHB Ben Zeiler
|
0-0: Ball 1-0: Foul Ball, location: 2F 1-1: Foul Ball, location: 2F 1-2: Ball 2-2: Strikes out looking
|
Top of the 7th over - 0 runs, 0 hits, 0 errors, 0 left on base; Lansing 6 - Delmarva 1 |
BOTTOM OF THE 7TH |
Delmarva Shorebirds batting - Pitching for Lansing Lugnuts : LHP Jon Valdovinos
|
Batting: RHB Ben Sutton
|
0-0: Ground out 6-3 (Groundball, 6, EV 81.9 MPH)
|
Batting: LHB Tomas de Zeeuw
|
0-0: Swinging Strike 0-1: Foul Ball, location: 2F 0-2: Ball 1-2: Foul Ball, location: 2F 1-2: Ground out 6-3 (Groundball, 6, EV 89.4 MPH)
|
Batting: SHB Jorge Brito
|
0-0: Ball 1-0: Ball 2-0: Foul Ball, location: 2F 2-1: Foul Ball, location: 2F 2-2: Ball 3-2: DOUBLE (Flyball, 8RXD, EV 98.1 MPH)
|
Batting: RHB Jeremy Sipe
|
0-0: Called Strike 0-1: SINGLE (Groundball, 34D, EV 95.0 MPH) Jorge Brito to third Runner from 3rd tries for Home, SAFE, throw by RF to home
|
Batting: RHB Dave Perron
|
0-0: Foul Ball, location: 2F 0-1: Foul Ball, location: 2F 0-2: Foul Ball, location: 2F 0-2: Foul Ball, location: 2F 0-2: Strikes out looking
|
Bottom of the 7th over - 1 run, 2 hits, 0 errors, 1 left on base; Lansing 6 - Delmarva 2 |
TOP OF THE 8TH |
Lansing Lugnuts batting - Pitching for Delmarva Shorebirds : LHP Justin Hinton
|
Batting: RHB John Michener
|
0-0: Called Strike 0-1: Called Strike 0-2: Ball 1-2: Strikes out swinging
|
Batting: RHB Raul de la Cruz
|
0-0: Ball 1-0: Called Strike 1-1: DOUBLE (Line Drive, 7LS, EV 91.2 MPH)
|
Batting: RHB Dylan Phillips
|
0-0: Intentional Walk
|
Batting: LHB Pauli Gassinger
|
0-0: Grounds into double play, 4-6-3 (Groundball, 4, EV 102.5 MPH)
|
Top of the 8th over - 0 runs, 1 hit, 0 errors, 1 left on base; Lansing 6 - Delmarva 2 |
BOTTOM OF THE 8TH |
Delmarva Shorebirds batting - Pitching for Lansing Lugnuts : LHP Jon Valdovinos
|
Batting: LHB Eric Jackson
|
0-0: Ball 1-0: Ground out 4-3 (Groundball, 4, EV 82.5 MPH)
|
Batting: SHB Jared Boyce
|
0-0: Called Strike 0-1: Ball 1-1: Ball 2-1: Foul Ball, location: 2F 2-2: Ball 3-2: Base on Balls
|
Batting: RHB Lee Deason
|
0-0: Ball 1-0: Ball 2-0: Called Strike 2-1: Fielders Choice at 2nd, 3-6 (Groundball, 34S, EV 85.0 MPH)
|
Pinch Hitting: RHB Francisco Viera
|
0-0: Foul Ball, location: 2F 0-1: Ball 1-1: Ball 2-1: Ball 3-1: Base on Balls Lee Deason to second
|
Pitching: RHP Matt Still
|
|
Batting: RHB Ben Sutton
|
0-0: Ball Wild Pitch! Lee Deason to third Francisco Viera to second 1-0: Swinging Strike 1-1: Ball 2-1: Ball 3-1: Base on Balls
|
Batting: LHB Tomas de Zeeuw
|
0-0: Swinging Strike 0-1: Foul Ball, location: 2F 0-2: Strikes out looking
|
Bottom of the 8th over - 0 runs, 0 hits, 0 errors, 3 left on base; Lansing 6 - Delmarva 2 |
TOP OF THE 9TH |
Lansing Lugnuts batting - Pitching for Delmarva Shorebirds : LHP Justin Hinton
|
Pitching: RHP Angel Gonzales
|
|
Now at SS: Francisco Viera
|
|
Batting: LHB Timo Gomez
|
0-0: Ball 1-0: Ball 2-0: Foul Ball, location: 2F 2-1: Ball 3-1: Called Strike 3-2: Strikes out swinging
|
Batting: LHB Roger Escareno
|
0-0: Ball 1-0: Ball 2-0: Foul Ball, location: 2F 2-1: SINGLE (Groundball, 6M, EV 106.9 MPH) (infield hit)
|
Batting: RHB Luis Reyes
|
0-0: Called Strike 0-1: Called Strike Roger Escareno steals 2nd base 0-2: Foul Ball, location: 2F 0-2: Ball 1-2: Strikes out swinging
|
Batting: RHB Tokuji Kawabata
|
0-0: Foul Ball, location: 2F 0-1: Ball 1-1: SINGLE (Line Drive, 8RS, EV 90.0 MPH) Roger Escareno to third
|
Batting: RHB Ben Zeiler
|
0-0: Hit by Pitch Tokuji Kawabata to second
|
Batting: RHB John Michener
|
0-0: Called Strike 0-1: Called Strike 0-2: Strikes out swinging
|
Top of the 9th over - 0 runs, 2 hits, 0 errors, 3 left on base; Lansing 6 - Delmarva 2 |
BOTTOM OF THE 9TH |
Delmarva Shorebirds batting - Pitching for Lansing Lugnuts : RHP Matt Still
|
Pitching: RHP Scott Olson
|
|
Batting: SHB Jorge Brito
|
0-0: Called Strike 0-1: SOLO HOME RUN (Flyball, 9D, EV 100.0 MPH), Distance : 372 ft
|
Pitching: RHP Chris Kroesen
|
|
Now at 1B: Roger Escareno
|
|
Now at 2B: Dylan Phillips
|
|
Now at 3B: Kyle Scruggs
|
|
Now in LF: Chris Martin
|
|
Now in CF: Timo Gomez
|
|
Now in RF: Pauli Gassinger
|
|
Batting: RHB Jeremy Sipe
|
0-0: Called Strike 0-1: Swinging Strike 0-2: Ball 1-2: Foul Ball, location: 2F 1-2: Ball 2-2: Ball 3-2: Base on Balls
|
Pinch Hitting: LHB Justin Moore
|
0-0: Ball 1-0: Swinging Strike 1-1: Called Strike 1-2: Strikes out swinging
|
Batting: LHB Eric Jackson
|
0-0: Called Strike 0-1: Called Strike 0-2: Foul Ball, location: 2F 0-2: Ground out 4-3 (Groundball, 4S, EV 72.5 MPH) Jeremy Sipe to second
|
Batting: SHB Jared Boyce
|
0-0: Ball 1-0: Swinging Strike 1-1: Foul Ball, location: 2F 1-2: SINGLE (Flyball, 6D, EV 91.9 MPH) Jeremy Sipe to third
|
Pinch Hitting: SHB Brian Bentz
|
0-0: Swinging Strike 0-1: Foul Ball, location: 2F 0-2: Ball 1-2: Ball 2-2: Foul Ball, location: 2F 2-2: SINGLE (Line Drive, 34, EV 100.0 MPH) Jeremy Sipe scores Jared Boyce to second
|
Batting: RHB Francisco Viera
|
0-0: Called Strike 0-1: 3-RUN HOME RUN (Flyball, 9D, EV 95.0 MPH), Distance : 359 ft
|
Bottom of the 9th over - 5 runs, 4 hits, 0 errors, 0 left on base; Lansing 6 - Delmarva 7 |
|